TOP OF THE 1ST |
Durham Bulls batting - Pitching for Columbus Clippers : RHP Bruce Poff
|
Pitching: RHP Bruce Poff
|
|
Batting: LHB Jake Rheaume
|
0-0: Fly out, F8 (Flyball, 8LM, EV 91.9 MPH)
|
Batting: LHB Mario Ocana
|
0-0: Ground out 1-3 (Groundball, 13, EV 66.2 MPH)
|
Batting: LHB Davion Lewis
|
0-0: Swinging Strike 0-1: Hit by Pitch
|
Batting: RHB Jeff Brower
|
0-0: Ball 1-0: Called Strike 1-1: Called Strike 1-2: Foul Ball, location: 2F 1-2: Ball 2-2: Strikes out swinging
|
Top of the 1st over - 0 runs, 0 hits, 0 errors, 1 left on base; Durham 0 - Columbus 0 |
BOTTOM OF THE 1ST |
Columbus Clippers batting - Pitching for Durham Bulls : RHP Scott Shank
|
Pitching: RHP Scott Shank
|
|
Batting: LHB John Harring
|
0-0: Foul Ball, location: 2F 0-1: Foul Ball, location: 2F 0-2: DOUBLE (Line Drive, 78M, EV 108.8 MPH)
|
Batting: RHB Jesus Galvan
|
0-0: Called Strike 0-1: Ball 1-1: Ball 2-1: Ground out 5-3 (Groundball, 56, EV 86.9 MPH)
|
Batting: LHB Brent Albertson
|
0-0: Hit by Pitch
|
Batting: RHB Christian Blue
|
0-0: TRIPLE (Flyball, 7LD, EV 106.2 MPH) John Harring scores Brent Albertson scores
|
Batting: LHB Sam Ogg
|
0-0: Ball 1-0: Hit by Pitch
|
Batting: RHB Rico Coss
|
0-0: Fly out, F9 (Flyball, 9S, EV 81.9 MPH)
|
Batting: LHB Corey Trevor
|
0-0: Swinging Strike 0-1: Ball 1-1: Ball 2-1: Ball 3-1: Called Strike 3-2: SINGLE (Groundball, 25, EV 69.4 MPH) (infield hit) Christian Blue scores Sam Ogg to second
|
Batting: RHB Chris Folse
|
0-0: Ball 1-0: Called Strike 1-1: Called Strike 1-2: Fly out, F7 (Line Drive, 7, EV 98.1 MPH)
|
Bottom of the 1st over - 3 runs, 3 hits, 0 errors, 2 left on base; Durham 0 - Columbus 3 |
TOP OF THE 2ND |
Durham Bulls batting - Pitching for Columbus Clippers : RHP Bruce Poff
|
Batting: RHB Paul Landes
|
0-0: Ball 1-0: Ball 2-0: Ball 3-0: Called Strike 3-1: Foul Ball, location: 2F 3-2: Foul Ball, location: 2F 3-2: Foul Ball, location: 2F 3-2: Strikes out swinging
|
Batting: RHB Kevin Benfield
|
0-0: Swinging Strike 0-1: SINGLE (Line Drive, 7S, EV 93.1 MPH)
|
Batting: LHB Angel Ruvalcaba
|
0-0: Foul Ball, location: 2F 0-1: Grounds into double play, 5-4-3 (Groundball, 5, EV 83.8 MPH)
|
Top of the 2nd over - 0 runs, 1 hit, 0 errors, 0 left on base; Durham 0 - Columbus 3 |
BOTTOM OF THE 2ND |
Columbus Clippers batting - Pitching for Durham Bulls : RHP Scott Shank
|
Batting: RHB Tai Joo
|
0-0: Ball 1-0: Foul Ball, location: 2F 1-1: Ball 2-1: Ball 3-1: Ground out 6-3 (Groundball, 6MS, EV 83.8 MPH)
|
Batting: LHB John Harring
|
0-0: Ball 1-0: Ball 2-0: Ball 3-0: Foul Ball, location: 2F 3-1: SINGLE (Line Drive, 7S, EV 102.5 MPH)
|
Batting: RHB Jesus Galvan
|
0-0: Ball John Harring is caught stealing 2nd base 2-4 1-0: Called Strike 1-1: Ball 2-1: Swinging Strike 2-2: Foul Ball, location: 2F 2-2: Ball 3-2: Strikes out swinging
|
Bottom of the 2nd over - 0 runs, 1 hit, 0 errors, 0 left on base; Durham 0 - Columbus 3 |
TOP OF THE 3RD |
Durham Bulls batting - Pitching for Columbus Clippers : RHP Bruce Poff
|
Batting: LHB Danny Hull
|
0-0: Ball 1-0: Ball 2-0: Ball 3-0: Called Strike 3-1: Fly out, F7 (Flyball, 7S, EV 87.5 MPH)
|
Batting: RHB Jesse Haddad
|
0-0: Ground out 5-3 (Groundball, 25, EV 83.8 MPH)
|
Batting: LHB Jake Rheaume
|
0-0: DOUBLE (Flyball, 8LXD, EV 107.5 MPH)
|
Batting: LHB Mario Ocana
|
0-0: Ball 1-0: Ball 2-0: Foul Ball, location: 2F 2-1: Ball 3-1: Called Strike 3-2: Foul Ball, location: 2F 3-2: SINGLE (Groundball, 4, EV 97.5 MPH) Jake Rheaume to third Runner from 3rd tries for Home, SAFE, throw by CF to home
|
Batting: LHB Davion Lewis
|
0-0: Ball 1-0: 2-RUN HOME RUN (Flyball, 9D, EV 100.6 MPH), Distance : 387 ft
|
Batting: RHB Jeff Brower
|
0-0: Ball 1-0: Foul Ball, location: 2F 1-1: Called Strike 1-2: Ball 2-2: DOUBLE (Line Drive, 78D, EV 108.8 MPH)
|
Batting: RHB Paul Landes
|
0-0: Ball 1-0: Swinging Strike 1-1: Foul Ball, location: 2F 1-2: Ball 2-2: Ball 3-2: Foul Ball, location: 2F 3-2: Fly out, F9 (Flyball, 9D, EV 89.4 MPH)
|
Top of the 3rd over - 3 runs, 4 hits, 0 errors, 1 left on base; Durham 3 - Columbus 3 |
BOTTOM OF THE 3RD |
Columbus Clippers batting - Pitching for Durham Bulls : RHP Scott Shank
|
Batting: LHB Brent Albertson
|
0-0: Called Strike 0-1: Ball 1-1: Called Strike 1-2: Ball 2-2: Strikes out swinging
|
Batting: RHB Christian Blue
|
0-0: Called Strike 0-1: Ball 1-1: Ball 2-1: Foul Ball, location: 2F 2-2: DOUBLE (Flyball, 8LXD, EV 95.0 MPH)
|
Batting: LHB Sam Ogg
|
0-0: Ball 1-0: Ball 2-0: Ball 3-0: Called Strike 3-1: DOUBLE (Groundball, 3L, EV 100.6 MPH) Christian Blue scores
|
Batting: RHB Rico Coss
|
0-0: Foul Ball, location: 2F 0-1: Foul Ball, location: 2F 0-2: Strikes out looking
|
Batting: LHB Corey Trevor
|
0-0: Ball 1-0: Called Strike 1-1: Ball 2-1: Ball 3-1: Called Strike 3-2: Foul Ball, location: 2F 3-2: Foul Ball, location: 2F 3-2: SINGLE (Groundball, 6S, EV 71.2 MPH) (infield hit) Sam Ogg to third
|
Batting: RHB Chris Folse
|
0-0: Ball 1-0: Swinging Strike 1-1: Called Strike 1-2: Strikes out swinging
|
Bottom of the 3rd over - 1 run, 3 hits, 0 errors, 2 left on base; Durham 3 - Columbus 4 |
TOP OF THE 4TH |
Durham Bulls batting - Pitching for Columbus Clippers : RHP Bruce Poff
|
Batting: RHB Kevin Benfield
|
0-0: Foul Ball, location: 2F 0-1: Ball 1-1: Ball 2-1: Foul Ball, location: 2F 2-2: Ball 3-2: Ground out 1-3 (Groundball, 34S, EV 65.0 MPH)
|
Batting: LHB Angel Ruvalcaba
|
0-0: Ball 1-0: Swinging Strike 1-1: Foul Ball, location: 2F 1-2: Strikes out swinging
|
Batting: LHB Danny Hull
|
0-0: Called Strike 0-1: Foul Ball, location: 2F 0-2: Ground out 5-3 (Groundball, 5, EV 90.0 MPH)
|
Top of the 4th over - 0 runs, 0 hits, 0 errors, 0 left on base; Durham 3 - Columbus 4 |
BOTTOM OF THE 4TH |
Columbus Clippers batting - Pitching for Durham Bulls : RHP Scott Shank
|
Batting: RHB Tai Joo
|
0-0: Called Strike 0-1: Foul Ball, location: 2F 0-2: Fly out, F9 (Flyball, 89XD, EV 101.9 MPH)
|
Batting: LHB John Harring
|
0-0: Called Strike 0-1: SINGLE (Line Drive, 7S, EV 103.1 MPH)
|
Batting: RHB Jesus Galvan
|
0-0: Ball 1-0: Fly out, F8 (Flyball, 8RS, EV 90.6 MPH)
|
Batting: LHB Brent Albertson
|
0-0: Called Strike 0-1: Ball 1-1: Foul Ball, location: 2F 1-2: Ball 2-2: SINGLE (Line Drive, 8RS, EV 99.4 MPH) John Harring to second Runner from 2nd tries for 3rd, OUT! 8-5
|
Bottom of the 4th over - 0 runs, 2 hits, 0 errors, 1 left on base; Durham 3 - Columbus 4 |
TOP OF THE 5TH |
Durham Bulls batting - Pitching for Columbus Clippers : RHP Bruce Poff
|
Batting: RHB Jesse Haddad
|
0-0: Ball 1-0: Foul Ball, location: 2F 1-1: Ball 2-1: Foul Ball, location: 2F 2-2: Foul Ball, location: 2F 2-2: Ball 3-2: Strikes out swinging
|
Batting: LHB Jake Rheaume
|
0-0: Ball 1-0: Ball 2-0: Ball 3-0: Called Strike 3-1: Foul Ball, location: 2F 3-2: Ground out 6-3 (Groundball, P, EV 87.5 MPH)
|
Batting: LHB Mario Ocana
|
0-0: Ball 1-0: Foul Ball, location: 2F 1-1: Called Strike 1-2: Ball 2-2: SINGLE (Groundball, 6MS, EV 64.4 MPH) (infield hit)
|
Batting: LHB Davion Lewis
|
0-0: Foul Ball, location: 2F 0-1: Ball Wild Pitch! Mario Ocana to second 1-1: Fly out, F7 (Flyball, 78S, EV 91.9 MPH)
|
Top of the 5th over - 0 runs, 1 hit, 0 errors, 1 left on base; Durham 3 - Columbus 4 |
BOTTOM OF THE 5TH |
Columbus Clippers batting - Pitching for Durham Bulls : RHP Scott Shank
|
Batting: RHB Christian Blue
|
0-0: Ball 1-0: Ball 2-0: Foul Ball, location: 2F 2-1: Foul Ball, location: 2F 2-2: Foul Ball, location: 2F 2-2: SINGLE (Flyball, 8LS, EV 89.4 MPH)
|
Batting: LHB Sam Ogg
|
0-0: Ball 1-0: Swinging Strike 1-1: Ball 2-1: Grounds into double play, 4-6-3 (Groundball, 34, EV 86.2 MPH)
|
Batting: RHB Rico Coss
|
0-0: Called Strike 0-1: Ball 1-1: Ball 2-1: Fly out, F4 (Popup, 4, EV 66.2 MPH)
|
Bottom of the 5th over - 0 runs, 1 hit, 0 errors, 0 left on base; Durham 3 - Columbus 4 |
TOP OF THE 6TH |
Durham Bulls batting - Pitching for Columbus Clippers : RHP Bruce Poff
|
Batting: RHB Jeff Brower
|
0-0: Called Strike 0-1: Ball 1-1: Ball 2-1: Fly out, F8 (Line Drive, 8RD, EV 92.5 MPH)
|
Batting: RHB Paul Landes
|
0-0: Ball 1-0: Foul Ball, location: 2F 1-1: Ball 2-1: Called Strike 2-2: Foul Ball, location: 2F 2-2: Ball 3-2: Base on Balls
|
Batting: RHB Kevin Benfield
|
0-0: Ball 1-0: Ball 2-0: Ball 3-0: Base on Balls Paul Landes to second
|
Batting: LHB Angel Ruvalcaba
|
0-0: Foul Ball, location: 2F 0-1: Ball 1-1: Swinging Strike 1-2: Ball 2-2: Fly out, F9 (Flyball, 9, EV 84.4 MPH)
|
Pitching: RHP Arturo Rojas
|
|
Batting: LHB Danny Hull
|
0-0: Ball 1-0: Ball 2-0: Ball 3-0: Called Strike 3-1: Base on Balls Paul Landes to third Kevin Benfield to second
|
Pinch Hitting: LHB Jimmy Buscemi
|
0-0: Called Strike 0-1: Ground out U3 (Groundball, 34, EV 82.5 MPH)
|
Top of the 6th over - 0 runs, 0 hits, 0 errors, 3 left on base; Durham 3 - Columbus 4 |
BOTTOM OF THE 6TH |
Columbus Clippers batting - Pitching for Durham Bulls : RHP Scott Shank
|
Now at 1B: Jimmy Buscemi
|
|
Now in RF: Jake Rheaume
|
|
Batting: LHB Corey Trevor
|
0-0: Called Strike 0-1: Foul Ball, location: 2F 0-2: Ball 1-2: Ground out 4-3 (Groundball, 4, EV 86.2 MPH)
|
Batting: RHB Chris Folse
|
0-0: Ball 1-0: Called Strike 1-1: Called Strike 1-2: Ground out 5-3 (Groundball, 56S, EV 88.8 MPH)
|
Batting: RHB Tai Joo
|
0-0: Ground out 4-3 (Groundball, 4, EV 101.9 MPH)
|
Bottom of the 6th over - 0 runs, 0 hits, 0 errors, 0 left on base; Durham 3 - Columbus 4 |
TOP OF THE 7TH |
Durham Bulls batting - Pitching for Columbus Clippers : RHP Arturo Rojas
|
Pitching: RHP Josh Hughes
|
|
Batting: LHB Jake Rheaume
|
0-0: Called Strike 0-1: Called Strike 0-2: Strikes out swinging
|
Batting: LHB Mario Ocana
|
0-0: Ball 1-0: Ball 2-0: SOLO HOME RUN (Flyball, 9LD, EV 96.9 MPH), Distance : 374 ft
|
Batting: LHB Davion Lewis
|
0-0: Ground out 6-3 (Groundball, 6, EV 91.2 MPH)
|
Batting: RHB Jeff Brower
|
0-0: Called Strike 0-1: Fly out, F9 (Flyball, 89S, EV 76.2 MPH)
|
Top of the 7th over - 1 run, 1 hit, 0 errors, 0 left on base; Durham 4 - Columbus 4 |
BOTTOM OF THE 7TH |
Columbus Clippers batting - Pitching for Durham Bulls : RHP Scott Shank
|
Pitching: RHP Eric Hudson
|
|
Batting: LHB John Harring
|
0-0: Ball 1-0: Ball 2-0: Ground out 1-3 (Groundball, P, EV 68.8 MPH)
|
Batting: RHB Jesus Galvan
|
0-0: Ball 1-0: Foul Ball, location: 2F 1-1: Foul Ball, location: 2F 1-2: Foul Ball, location: 2F 1-2: Ball 2-2: Ball 3-2: DOUBLE (Line Drive, 8LD, EV 109.4 MPH)
|
Batting: LHB Brent Albertson
|
0-0: Intentional Walk
|
Batting: RHB Christian Blue
|
0-0: Ball 1-0: Ball 2-0: Foul Ball, location: 2F 2-1: Called Strike 2-2: Strikes out swinging
|
Batting: LHB Sam Ogg
|
0-0: Called Strike 0-1: Ball 1-1: Ball 2-1: Foul Ball, location: 2F 2-2: Ball 3-2: Ground out 5-3 (Groundball, 56S, EV 84.4 MPH)
|
Bottom of the 7th over - 0 runs, 1 hit, 0 errors, 2 left on base; Durham 4 - Columbus 4 |
TOP OF THE 8TH |
Durham Bulls batting - Pitching for Columbus Clippers : RHP Josh Hughes
|
Pitching: RHP Eduardo Garcia
|
|
Pinch Hitting: SHB Brett McEwen
|
0-0: Ball 1-0: Ball 2-0: Swinging Strike 2-1: Foul Ball, location: 2F 2-2: Ball 3-2: Base on Balls
|
Batting: RHB Kevin Benfield
|
0-0: Ball 1-0: Called Strike 1-1: Fly out, F3 (Line Drive, 3L, EV 64.4 MPH)
|
Batting: LHB Angel Ruvalcaba
|
0-0: Fly out, F8 (Flyball, 8RD, EV 92.5 MPH)
|
Batting: LHB Danny Hull
|
0-0: Ball 1-0: Swinging Strike 1-1: Foul Ball, location: 2F 1-2: Foul Ball, location: 2F 1-2: Strikes out swinging
|
Top of the 8th over - 0 runs, 0 hits, 0 errors, 1 left on base; Durham 4 - Columbus 4 |
BOTTOM OF THE 8TH |
Columbus Clippers batting - Pitching for Durham Bulls : RHP Eric Hudson
|
Pitching: RHP Chet Tague
|
|
Now at 3B: Jose Vargas
|
|
Pinch Hitting: LHB Hector Pedroso
|
0-0: Foul Ball, location: 2F 0-1: Ball 1-1: Ball 2-1: Called Strike 2-2: Ball 3-2: Ground out 4-3 (Groundball, 4S, EV 70.0 MPH)
|
Batting: LHB Corey Trevor
|
0-0: Called Strike 0-1: Swinging Strike 0-2: Strikes out swinging
|
Batting: RHB Chris Folse
|
0-0: Ball 1-0: Foul Ball, location: 2F 1-1: Ball 2-1: SINGLE (Groundball, 6MD, EV 106.9 MPH)
|
Batting: RHB Tai Joo
|
0-0: Ball 1-0: Called Strike Chris Folse steals 2nd base 1-1: Foul Ball, location: 2F 1-2: Foul Ball, location: 2F 1-2: Strikes out looking
|
Bottom of the 8th over - 0 runs, 1 hit, 0 errors, 1 left on base; Durham 4 - Columbus 4 |
TOP OF THE 9TH |
Durham Bulls batting - Pitching for Columbus Clippers : RHP Eduardo Garcia
|
Pitching: RHP Chris DeVall
|
|
Now at SS: Chris Folse
|
|
Now in RF: Hector Pedroso
|
|
Batting: LHB Jimmy Buscemi
|
0-0: Called Strike 0-1: SINGLE (Line Drive, 78S, EV 95.6 MPH)
|
Batting: LHB Jake Rheaume
|
0-0: Bunted foul 0-1: Sac Bunt to 3S - play at first, batter OUT! 3-1 Jimmy Buscemi to second
|
Batting: LHB Mario Ocana
|
0-0: 2-RUN HOME RUN (Flyball, 7LD, EV 99.4 MPH), Distance : 379 ft
|
Batting: LHB Davion Lewis
|
0-0: Ball 1-0: Ball 2-0: Ball 3-0: Called Strike 3-1: Foul Ball, location: 2F 3-2: Strikes out swinging
|
Batting: RHB Jeff Brower
|
0-0: Ball 1-0: Called Strike 1-1: Swinging Strike 1-2: Foul Ball, location: 2F 1-2: Foul Ball, location: 2F 1-2: Strikes out swinging
|
Top of the 9th over - 2 runs, 2 hits, 0 errors, 0 left on base; Durham 6 - Columbus 4 |
BOTTOM OF THE 9TH |
Columbus Clippers batting - Pitching for Durham Bulls : RHP Chet Tague
|
DELAY
|
Rain delay of 31 minutes in the 9th inning.
|
Pitching: RHP Nelson Dawson
|
|
Batting: LHB John Harring
|
0-0: Ball 1-0: Foul Ball, location: 2F 1-1: Called Strike 1-2: Ground out U3 (Groundball, 3, EV 87.5 MPH)
|
Batting: RHB Jesus Galvan
|
0-0: Ball 1-0: Ball 2-0: Ball 3-0: Called Strike 3-1: Base on Balls
|
Batting: LHB Brent Albertson
|
0-0: Foul Ball, location: 2F 0-1: Ball 1-1: Ball 2-1: Swinging Strike 2-2: Grounds into double play, 4-6-3 (Groundball, 4, EV 85.0 MPH)
|
Bottom of the 9th over - 0 runs, 0 hits, 0 errors, 0 left on base; Durham 6 - Columbus 4 |
|